AoeStats
← beneath mariana

Black Forest

503148096Analyzed
4v4 RM · 1mo ago on Aug 30, 2026· 67m 16s· 8 players
Game mode
Random Map
Map size
Large (8 player)
Population
200
Speed
Normal
Resources
Standard
Victory
Conquest
Starting age
Dark Age
Ending age
Imperial Age
RankedLock teamsTeams togetherTeam positionsShared explorationLock speedFull tech treeHidden civsTurbo modeCheats
Victory
Defeat
🇨🇳 Jurchens · China
1451
+15
🇬🇪 Bohemians · Georgia
1451
+15
🇨🇳 Khmer · China
1425
+17
🇹🇷 Berbers · Türkiye
1389
+18
🇨🇱 Gurjaras · Chile
1529
-20
🇮🇳 Franks · India
1429
-16
🇻🇳 Italians · Vietnam
1406
-15
🇭🇰 Khmer · Hong Kong SAR China
1381
-14
beneath mariana
10:16 Feudal Age
14:01 Castle Age
12:04 Double-Bit Axe
14:57 Bow Saw
16:01 Wheelbarrow
15:08 Horse Collar
17:08 Heavy Plow
17:45 Loom
24:18 Town Watch
24:53 Gold Mining
25:00 Stone Mining
26:19 Fletching
27:03 Hand Cart
27:35 Caravan
31:07 Imperial Age
28:26 Treadmill Crane
28:56 Bodkin Arrow
29:27 Ballistics
29:20 Fortified Wall
30:29 Siege Engineers
30:37 Masonry
30:18 Guard Tower
30:24 Murder Holes
31:11 Town Patrol
31:28 Fortified Bastions
32:48 Chemistry
32:08 Guilds
32:27 Conscription
32:35 Bracer
33:36 Two-Man Saw
32:38 Heavy Plow
33:30 Hoardings
33:51 Keep
33:02 Arrowslits
34:30 Coinage
33:38 Heavy Rocket Cart
34:36 Scale Barding Armor
34:42 Forging
35:13 Banking
35:24 Architecture
34:40 Arrowslits
35:17 Heavy Scorpion
41:45 Chain Barding Armor
42:00 Iron Casting
47:38 Plate Barding Armor
48:03 Blast Furnace
47:05 Husbandry
47:17 Bloodlines
48:53 Capped Ram
50:20 Padded Archer Armor
50:24 Siege Ram
55:55 Leather Archer Armor
56:28 Crop Rotation
55:37 Elite Iron Pagoda
57:47 Ring Archer Armor
62:14 Elite Genitour
67:31 Scale Mail Armor
Pawo
11:22 Feudal Age
12:24 Double-Bit Axe
15:11 Castle Age
13:26 Horse Collar
16:25 Bow Saw
16:16 Heavy Plow
18:23 Fervor
20:06 Loom
21:54 Wheelbarrow
23:35 Hand Cart
24:23 Redemption
25:16 Sanctity
30:03 Imperial Age
28:59 Scale Mail Armor
29:10 Forging
28:47 Pikeman
29:27 Squires
29:13 Arson
31:30 Iron Casting
31:10 Chain Mail Armor
30:30 Halberdier
32:05 Conscription
32:24 Hussite Reforms
34:20 Blast Furnace
33:50 Plate Mail Armor
33:22 Padded Archer Armor
33:15 Fletching
34:22 Block Printing
34:10 Atonement
34:47 Theocracy
35:26 Chemistry
34:47 Ballistics
35:46 Plate Mail Armor
36:04 Siege Engineers
35:58 Houfnice
37:57 Illumination
41:30 Devotion
43:45 Bodkin Arrow
43:51 Padded Archer Armor
44:45 Masonry
44:31 Murder Holes
44:17 Treadmill Crane
47:53 Heresy
52:25 Wagenburg Tactics
56:15 Herbal Medicine
2067
0:49 Loom
14:21 Feudal Age
17:53 Castle Age
16:03 Double-Bit Axe
16:15 Horse Collar
24:53 Light Cavalry
30:06 Bow Saw
33:16 Scale Barding Armor
34:17 Wheelbarrow
36:14 Forging
36:24 Chain Barding Armor
39:03 Imperial Age
37:54 Husbandry
38:04 Bloodlines
38:56 Iron Casting
40:15 Hand Cart
40:17 Tusk Swords
41:33 Conscription
40:37 Elite Battle Elephant
41:53 Plate Barding Armor
41:55 Hussar
45:08 Blast Furnace
53:50 Caravan
55:24 Heavy Plow
57:55 Capped Ram
[CAF] ALİG88
10:59 Feudal Age
15:39 Castle Age
13:34 Double-Bit Axe
13:52 Horse Collar
17:03 Bow Saw
16:54 Heavy Plow
18:56 Loom
23:09 Wheelbarrow
23:36 Gold Mining
24:40 Hand Cart
29:12 Imperial Age
26:49 Husbandry
28:21 Fletching
28:31 Padded Archer Armor
30:17 Bloodlines
31:25 Gold Shaft Mining
30:47 Bodkin Arrow
31:07 Leather Archer Armor
31:03 Town Watch
31:25 Scale Barding Armor
31:30 Forging
31:03 Heavy Camel Rider
32:53 Conscription
32:35 Maghrebi Camels
31:58 Elite Camel Archer
33:07 Bracer
33:38 Ring Archer Armor
34:05 Conscription
33:47 Kasbah
37:19 Chain Barding Armor
37:35 Iron Casting
38:09 Crop Rotation
37:31 Stone Mining
38:57 Caravan
39:28 Coinage
40:01 Ballistics
40:42 Chemistry
39:53 Masonry
40:46 Plate Barding Armor
41:12 Blast Furnace
40:20 Thumb Ring
42:14 Stone Shaft Mining
44:43 Light Cavalry
47:00 Elite Genitour
56:32 Banking
65:58 Hussar
Parle Genius
6:03 Loom
12:40 Feudal Age
16:45 Castle Age
15:41 Wheelbarrow
14:56 Double-Bit Axe
15:03 Gold Mining
18:25 Wheelbarrow
18:02 Bow Saw
25:23 Hand Cart
26:03 Town Watch
28:21 Husbandry
29:54 Stone Mining
30:40 Gold Shaft Mining
32:38 Imperial Age
31:46 Scale Barding Armor
31:53 Forging
31:44 Scale Mail Armor
33:32 Chain Barding Armor
32:46 Cavalier
34:00 Town Patrol
35:31 Iron Casting
36:00 Plate Barding Armor
34:48 Pikeman
35:29 Squires
35:51 Conscription
35:04 Light Cavalry
35:44 Halberdier
37:05 Chain Mail Armor
38:24 Blast Furnace
41:36 Plate Mail Armor
43:24 Arson
43:42 Padded Archer Armor
43:46 Paladin
50:24 Caravan
54:16 Fletching
63:59 Fortified Wall
65:35 Bodkin Arrow
onon02122
11:20 Feudal Age
15:10 Castle Age
13:22 Horse Collar
14:17 Double-Bit Axe
15:59 Heavy Plow
16:13 Bow Saw
20:58 Stone Mining
22:26 Wheelbarrow
23:04 Gold Mining
24:02 Loom
25:14 Stone Shaft Mining
26:05 Scale Barding Armor
26:10 Forging
25:38 Light Cavalry
26:28 Bloodlines
26:19 Husbandry
27:17 Chain Barding Armor
33:39 Imperial Age
33:46 Hand Cart
35:07 Gold Shaft Mining
35:10 Iron Casting
35:10 Plate Barding Armor
34:26 Fletching
34:05 Hussar
36:22 Conscription
35:49 Heavy Scorpion
38:38 Siege Engineers
39:36 Chemistry
39:41 Town Watch
42:27 Blast Furnace
41:22 Bodkin Arrow
44:28 Masonry
50:49 Bracer
51:15 Ballistics
51:29 Crop Rotation
53:19 Double Crossbow
59:23 Caravan
61:46 Onager
HuynhSon
0:33 Loom
12:07 Feudal Age
13:29 Double-Bit Axe
14:14 Stone Mining
16:43 Castle Age
16:37 Gold Mining
18:06 Bow Saw
19:40 Horse Collar
30:06 Imperial Age
27:50 Fletching
28:32 Bodkin Arrow
29:21 Fortified Wall
30:18 Padded Archer Armor
30:27 Elite Genoese Crossbowman
32:24 Chemistry
32:23 Ballistics
32:27 Bracer
33:14 Wheelbarrow
34:52 Pirotechnia
35:35 Masonry
36:06 Leather Archer Armor
39:01 Treadmill Crane
41:41 Silk Road
51:46 Crossbowman
52:31 Thumb Ring
53:30 Ring Archer Armor
53:23 Arbalester
57:54 Elite Skirmisher
HR | Darkjosh89
0:47 Loom
13:49 Feudal Age
17:39 Castle Age
16:14 Gold Mining
16:10 Double-Bit Axe
18:39 Bow Saw
18:09 Horse Collar
22:32 Heavy Plow
25:53 Wheelbarrow
33:08 Gold Shaft Mining
36:04 Imperial Age
33:37 Stone Mining
34:43 Gold Shaft Mining
35:29 Hand Cart
35:05 Town Watch
35:26 Scale Mail Armor
35:36 Forging
36:06 Stone Shaft Mining
36:40 Chain Mail Armor
37:02 Bloodlines
37:52 Kshatriyas
37:15 Light Cavalry
37:59 Elite Chakram Thrower
38:24 Treadmill Crane
39:10 Ballistics
39:53 Chemistry
39:23 Conscription
39:57 Plate Mail Armor
42:08 Iron Casting
42:41 Masonry
42:34 Light Cavalry
43:24 Bloodlines
43:15 Husbandry
43:31 Siege Elephant
45:33 Caravan
48:26 Hussar
52:28 Fletching
54:42 Arson
55:01 Man-at-Arms
56:28 Crop Rotation
58:06 Devotion
59:51 Coinage
65:10 Bodkin Arrow
65:36 Ballistics
Connection lost

Rejoining the realm…

Still unreachable

The connection could not be restored.

Session expired

The server has moved on; the page needs a fresh start.